 Dungeon Crawl Stone Soup version 0.30.0-29-ga12c61a403 (webtiles) character file.

Game seed: 6546625275725766604

546 monsoonserge the Chopper (level 7, -18/61 HPs)
             Began as a Hill Orc Fighter on June 24, 2023.
             Demolished by an ogre
             ... wielding a +0 giant spiked club
              (25 damage)
             ... on level 5 of the Dungeon.
             The game lasted 00:09:10 (3002 turns).

monsoonserge the Chopper (Hill Orc Fighter)         Turns: 3002, Time: 00:09:10

Health: -18/61     AC:  9    Str: 21    XL:     7   Next: 28%
Magic:  7/7        EV: 10    Int:  8    God:
Gold:   237        SH:  5    Dex: 10    Spells: 6/6 levels left

rFire   . . .        s - +3 dire flail (drain)
rCold   . . .        (shield currently unavailable)
rNeg    . . .        b - +0 scale mail
rPois   .            (no helmet)
rElec   .            r - +1 cloak {rCorr}
rCorr   +            (no gloves)
SInv    .            (no boots)
Will    .....        h - amulet of reflection Stlth
                     (no ring)
HPRegen 0.30/turn    (no ring)
MPRegen 0.10/turn

%: reflection
@: no status effects
A: no striking features
a: no special abilities


You were on level 5 of the Dungeon.
You visited 1 branch of the dungeon, and saw 5 of its levels.

You collected 237 gold pieces.

Inventory:

Hand Weapons
 a - a +0 war axe
 q - a +4 quarterstaff of chaos
 s - a +3 dire flail of draining (weapon)
Missiles
 n - 6 boomerangs (quivered)
 w - a poisoned dart
Armour
 b - a +0 scale mail (worn)
 c - a +0 buckler
 r - a +1 cloak of preservation (worn)
Magical Staves
 m - a staff of earth
Jewellery
 h - an amulet of reflection (around neck)
Wands
 t - a wand of mindburst (7)
Scrolls
 f - 4 scrolls of teleportation {unknown}
 g - 2 scrolls of enchant weapon {unknown}
 i - 2 scrolls of acquirement {unknown}
 k - 2 scrolls of fear {unknown}
 o - a scroll of torment {unknown}
 p - 5 scrolls of identify {unknown}
 v - a scroll of noise {unknown}
Potions
 d - a potion of might
 e - 2 potions of brilliance {unknown}
 j - 3 potions of haste {unknown}
 l - 4 potions of attraction {unknown}
 u - a potion of mutation {unknown}


   Skills:
 + Level 5.0 Fighting
 - Level 6.8 Axes
 + Level 0.2(3.4) Maces & Flails
 + Level 0.3 Throwing
 - Level 4.0 Armour
 + Level 1.9 Dodging
 - Level 4.9 Shields
 + Level 0.5 Evocations


You had 6 spell levels left.
You didn't know any spells.
Your spell library contained the following spells:

 Spells                   Type           Power      Damage    Failure   Level
 Gell's Gravitas          Tloc           0%         N/A       98%         3
 Teleport Other           Tloc           0%         N/A       98%         3
 Dispersal                Tloc           0%         N/A       100%        6


Dungeon Overview and Level Annotations

Branches:
Dungeon (5/15)
 Temple: D:4-7

Altars:
Elyvilon
Kikubaaqudgha
Zin
The Shining One

Annotations:
D:4 Eustachio
D:5 Ijyb, Prince Ribbit, Sigmund


Message History

The jackal barely misses you.
You hit the jackal. You drain the jackal.
You kill the jackal!
You see here a jackal corpse.
You now have 237 gold pieces (gained 9).
Found a leather armour.
You see here a +0 leather armour.
There is a stone staircase leading down here.
You climb downwards.
Level annotation: Ijyb, Prince Ribbit, Sigmund The ogre shouts!
Found a cyan potion.
There is a stone staircase leading up here.
An ogre comes into view. It is wielding a +0 giant spiked club.
Found a scroll labelled VEXZU QANWO.
Throw: 6 boomerangs
Press: ? - help, Q - select action, (/) - cycle Shift-Dir - straight line, f - ogre
Aim: an ogre, wielding a +0 giant spiked club (73% to hit)
You throw a boomerang. The boomerang barely misses the ogre.
The boomerang completely misses the ogre.
The ogre hits you with a +0 giant spiked club!
You hit the ogre.
The ogre is lightly wounded.
You sock the ogre! You drain the ogre.
The ogre is almost dead.
The ogre hits you with a +0 giant spiked club!
There is a stone staircase leading up here.
You barely miss the ogre.
The ogre is almost dead.
The ogre closely misses you.
You closely miss the ogre.
The ogre is almost dead.
The ogre hits you with a +0 giant spiked club!!
Ouch! That really hurt!
* * * LOW HITPOINT WARNING * * *
You block the ogre's attack.
You hit the ogre. You drain the ogre.
You kill the ogre!
The ogre hits you with a +0 giant spiked club!!
You die...

.# ..# #..# #..#
#..# #..###
#...###
##..@..###
#...O)...###
#^.........#
#........!...#
................
#................
##...............
#...............
................


You could see an ogre.

Vanquished Creatures
  Menkaure (D:4)
  Edmund (D:4)
  An ogre (D:5)
  Blork the orc (D:3)
  A jelly (D:4)
  Crazy Yiuf (D:2)
  2 orc wizards (D:3)
  6 adders
  A worm (D:2)
  A dart slug (D:1)
  8 orcs (D:3)
  7 ball pythons
  3 bats
  2 endoplasms
  5 giant cockroaches
  5 goblins
  5 hobgoblins
  4 jackals (D:4)
  6 quokkas
  2 training dummies (D:4)
  5 frilled lizards
  10 kobolds
  5 rats
83 creatures vanquished.

Notes
Turn   | Place    | Note
-------+----------+-------------------------------------------
     0 | D:1      | monsoonserge the Hill Orc Fighter began the quest for the
                  | Orb.
     0 | D:1      | Reached XP level 1. HP: 19/19 MP: 1/1
   157 | D:1      | Reached XP level 2. HP: 26/27 MP: 2/2
   259 | D:1      | Reached skill level 3 in Axes
   583 | D:2      | Reached XP level 3. HP: 33/33 MP: 3/3
   907 | D:2      | Reached XP level 4. HP: 40/40 MP: 4/4
   965 | D:2      | Reached skill level 4 in Axes
  1157 | D:2      | Found a runed translucent door.
  1158 | D:2      | Noticed Crazy Yiuf
  1170 | D:2      | Killed Crazy Yiuf
  1435 | D:3      | Found a white marble altar of Elyvilon.
  1488 | D:3      | Found a faded altar of an unknown god.
  1665 | D:3      | Reached XP level 5. HP: 46/46 MP: 5/5
  1916 | D:3      | Reached skill level 1 in Dodging
  1919 | D:3      | Reached skill level 5 in Axes
  2209 | D:4      | Noticed Menkaure
  2217 | D:4      | Killed Menkaure
  2218 | D:4      | Reached skill level 6 in Axes
  2218 | D:4      | Reached XP level 6. HP: 20/53 MP: 6/6
  2393 | D:4      | Found an ancient bone altar of Kikubaaqudgha.
  2399 | D:4      | Found a glowing silver altar of Zin.
  2427 | D:4      | Noticed Eustachio
  2442 | D:4      | Noticed Blork the orc
  2455 | D:3      | Killed Blork the orc
  2650 | D:4      | Noticed Edmund
  2655 | D:4      | Killed Edmund
  2656 | D:4      | Reached XP level 7. HP: 60/60 MP: 7/7
  2719 | D:4      | Found a glowing golden altar of the Shining One.
  2751 | D:4      | Reached skill level 5 in Fighting
  2798 | D:5      | Entered Level 5 of the Dungeon
  2798 | D:5      | Noticed Sigmund
  2798 | D:5      | Noticed Prince Ribbit
  2798 | D:5      | Noticed Ijyb
  3002 | D:5      | Demolished by an ogre

Illustrated notes

Levels and vault maps discovered:
D:1:      denvon_arrival_hothouse, layout_rooms
D:2:      layout_loops_ring, uniq_crazy_yiuf_cottage
D:3:      minmay_recursive_quarters, layout_rooms,
          nicolae_elyvilon_peaceful_grove,
          dreamdust_ecumenical_altar_angels_and_demons
D:4:      dreamdust_elfheim, layout_loops_ring,
          mainiacjoe_overflow_concentric_impassable, general_overflow_altar,
          zin_academy, uniq_eustachio, uniq_menkaure, uniq_blork_the_orc,
          uniq_edmund
D:5:      layout_cave_pods, hangedman_abyss_or_decor_stagger, uniq_sigmund,
          uniq_prince_ribbit1, uniq_ijyb

Skill      XL: |  1  2  3  4  5  6  7 |
---------------+----------------------+-----
Axes           | 3 4 6 |  6.8
Fighting       | 4 5 |  5.0
Armour         | 4 |  4.0
Shields        | 4 |  4.9
Dodging        | 1 |  1.9
Maces & Flails | |  0.2
Throwing       | |  0.3
Evocations     | |  0.5

Action                     |  1- 3 |  4- 6 |  7- 9 || total
---------------------------+-------+-------+-------++-------
  Melee: War axe           |   109 |   143 |       ||   252
         Dire flail        |       |       |    23 ||    23
  Throw: Dart              |       |     2 |       ||     2
         Boomerang         |       |       |     3 ||     3
  Evoke: Wand              |       |     4 |       ||     4
    Use: Potion            |       |     1 |       ||     1
 Armour: Scale mail        |    33 |    64 |     6 ||   103
  Dodge: Dodged            |    39 |    55 |    10 ||   104
  Block: Buckler           |    67 |    80 |       ||   147
         Reflection        |     1 |     2 |       ||     3
         Other             |       |       |     4 ||     4
